AoeStats
← Fto

Arabia

509447679Analyzed
1v1 RM · 7d ago on Sep 26, 2026· 43m 20s· 2 players
Game mode
Random Map
Map size
Tiny (2 player)
Population
200
Speed
Normal
Resources
Standard
Victory
Conquest
Starting age
Dark Age
Ending age
Imperial Age
RankedLock teamsTeams togetherTeam positionsShared explorationLock speedFull tech treeHidden civsTurbo modeCheats
Victory
Defeat
🇵🇦 Huns · Panama
1364
+14
🇦🇷 Maya · Argentina
1319
-14
TheBrian
5:39 Loom
8:44 Feudal Age
14:21 Double-Bit Axe
15:13 Gold Mining
18:53 Castle Age
17:22 Fletching
17:33 Padded Archer Armor
19:46 Bow Saw
19:33 Bodkin Arrow
19:23 Horse Collar
24:52 Elite Skirmisher
28:58 Heavy Plow
29:14 Leather Archer Armor
31:40 Wheelbarrow
40:09 Ballistics
Fto
0:25 Loom
10:45 Feudal Age
11:30 Double-Bit Axe
11:47 Horse Collar
20:01 Castle Age
18:23 Fletching
20:07 Padded Archer Armor
20:09 Crossbowman
20:45 Bodkin Arrow
21:07 Leather Archer Armor
24:22 Thumb Ring
24:41 Ballistics
28:34 Thumb Ring
30:11 Eagle Warrior
30:51 Squires
31:25 Scale Mail Armor
31:35 Forging
35:52 Chain Mail Armor
38:25 Arson
38:25 Elite Skirmisher
Connection lost

Rejoining the realm…

Still unreachable

The connection could not be restored.

Session expired

The server has moved on; the page needs a fresh start.